NULL
Full Scoreboard »»

Hurricanes vs Red Wings

Created - May 15, 2024 at 20:07

Goals
1 2 3 T
Hurricanes 1 0 3 4
Red Wings 3 0 3 6
Shots
1 2 3 T
Hurricanes 14 4 21 39
Red Wings 11 4 24 39

GoalsPenalties
1st period
1. Red Wings , Ryan Johansen 23 (Kevin Hayes 30, Ilya Mikheyev 19) at 0:56 (PP)
2. Red Wings , Brayden Point 43 (Logan Couture 32, John Gibson) at 6:15
3. Red Wings , Brayden Point 44 (Artem Zub 11, Logan Couture 33) at 10:52
4. Hurricanes , Seth Jarvis 21 (Robert Thomas 39, Adam Henrique 30) at 18:09
Timothy Liljegren (CAR) for Hooking (Minor) at 0:17
Charlie McAvoy (DET) for Fighting (Major) at 2:32
Chris Tanev (CAR) for Fighting (Major) at 2:32
Drake Batherson (DET) for Tripping (Minor) at 3:00
2nd period
No Goal
Matt Benning (DET) for Fighting (Major) at 2:45
Seth Jarvis (CAR) for Fighting (Major) at 2:45
Matt Benning (DET) for instigated a fight (Minor) at 2:45
Matt Benning (DET) for instigated a fight (10 Minutes Misconduct) at 2:45
Artem Zub (DET) for Hooking (Minor) at 11:58
Sebastian Aho (CAR) for Tripping (Minor) at 17:38
3rd period
5. Red Wings , Brayden Point 45 (Drake Batherson 34) at 8:24
6. Hurricanes , Seth Jarvis 22 (Robert Thomas 40) at 9:27
7. Hurricanes , Brendan Lemieux 7 (Peyton Krebs 3, Rasmus Sandin 31) at 13:18
8. Red Wings , Brayden Point 46 (Logan Couture 34, Drake Batherson 35) at 13:36
9. Hurricanes , Chris Tanev 3 (Ondrej Palat 26) at 13:53
10. Red Wings , Logan Couture 29 (Drake Batherson 36, Nicolas Roy 12) at 19:46
Artem Zub (DET) for Holding (Minor) at 10:25
Jake Oettinger (CAR) for Slashing (Minor) at 17:08 - Troy Stecher served the penalty
Goalie Stats
Jake Oettinger (CAR), 33 saves from 39 shots - (0.846), L, 29-19-8, 60:00 minutes
John Gibson (DET), 35 saves from 39 shots - (0.897), W, 32-13-7, 60:00 minutes
3 StarsOfficial
1 - Brayden Point (DET)
2 - Logan Couture (DET)
3 - Drake Batherson (DET)
Referees : Unknown
Linesman : Unknown
Game Note
Charlie McAvoy beats up Chris Tanev at 2:32 of 1st period
Matt Benning and Seth Jarvis fight to a draw at 2:45 of 2nd period
Brayden Point has scored a Hat Trick!



Team Name Goals Shots Shots Attemp Shots Blocked PIM HIT PP PK FO%
Hurricanes 439711416370 / 4 (0%)149%
Red Wings 639881128321 / 3 (33%)051%

Hurricanes
Player Name POS G A P +/- PIM HIT SHT SB MP PP MP PP SHT PK MP PK SHT FO% FOT GA TA
Adam BoqvistD0001002118:374:2400:0000% 000
Adam HenriqueC/LW0110010016:123:5000:2200% 010
Brendan LemieuxLW/RW101101308:120:3300:0800% 010
Cam AtkinsonC/RW0000001011:300:5700:00030% 1000
Chris TanevD101-2532318:240:0002:3100% 010
Elmer SoderblomC/LW/RW0000011111:460:1000:5600% 000
Jesper BoqvistC/LW/RW000101007:220:0000:0000% 000
Justin FaulkD000-3045023:534:2402:3100% 000
Mitch MarnerLW/RW000-2038223:453:4002:18033% 320
Ondrej PalatLW/RW011-2032222:593:3602:11050% 601
Peyton KrebsC/LW/RW011102207:220:0000:00075% 401
Rasmus SandinD0110012222:463:3202:0600% 010
Robert ThomasC/LW/RW0220040118:003:5002:11047% 1512
Sean KuralyC/LW/RW0000040011:050:4300:0000% 000
Sebastian AhoC/LW/RW000-2237022:353:4001:08054% 2600
Seth JarvisC/LW/RW2020522114:002:4900:000100% 101
Timothy LiljegrenD0000242122:333:3202:0600% 001
Troy StecherD0002000014:180:0000:0000% 000
Red Wings
Player Name POS G A P +/- PIM HIT SHT SB MP PP MP PP SHT PK MP PK SHT FO% FOT GA TA
Artem ZubD0110432021:262:0901:5800% 000
Brayden PointC/RW4043038019:172:2013:22053% 1910
Charlie McAvoyD0000533223:282:2803:2600% 002
Daniel SprongLW/RW000-2040014:440:0000:1700% 000
Drake BathersonC/LW/RW0334224018:222:2012:1700% 000
Ilya MikheyevLW/RW0110002016:022:1700:0000% 100
Jordan GreenwayLW/RW000-101017:090:0000:0000% 000
Kevin HayesC/LW/RW0110014119:242:1703:52059% 1710
Logan CoutureC/LW1344023019:062:2013:190100% 100
Luke EvangelistaRW000-2024015:120:0001:42033% 301
Mario FerraroD0000011122:192:0903:5300% 001
Matt BenningD00011700010:510:0001:4700% 000
Nicolas RoyC/RW011-1053014:150:0000:00047% 1701
Philip TomasinoLW/RW000-100107:090:0000:0000% 000
Ryan JohansenC/RW1010033215:322:1710:00067% 300
Samuel HonzekC/LW000-100018:540:0001:03025% 400
Torey KrugD0000021124:432:2814:0300% 041
Travis HamonicD0001000214:060:0000:4500% 001

Hurricanes

5 vs 5 Forward
Line #Left WingCenterRight WingPHYDFOFWanted %Time %Time Play
1Mitch MarnerSebastian AhoOndrej Palat1224037%17:42
2Adam HenriqueRobert ThomasSeth Jarvis1223026%12:07
3Sean KuralyCam AtkinsonElmer Soderblom1222021%10:10
4Brendan LemieuxPeyton KrebsJesper Boqvist1221016%7:22
5 vs 5 Defense
Line #DefenseDefensePHYDFOFWanted %Time %Time Play
1Justin FaulkChris Tanev1223535%16:41
2Rasmus SandinTimothy Liljegren1223536%16:56
3Adam BoqvistTroy Stecher1223029%13:44
4Justin FaulkChris Tanev12200%0:00
Power Play Forward
Line #Left WingCenterRight WingPHYDFOFWanted %Time %Time Play
1Mitch MarnerSebastian AhoOndrej Palat1225046%3:40
2Adam HenriqueRobert ThomasSeth Jarvis1225054%4:16
Power Play Defense
Line #DefenseDefensePHYDFOFWanted %Time %Time Play
1Justin FaulkAdam Boqvist1225055%4:24
2Rasmus SandinTimothy Liljegren1225045%3:32
Penalty Kill 4 Players Forward
Line #CenterWingPHYDFOFWanted %Time %Time Play
1Mitch MarnerSebastian Aho1225053%2:26
2Ondrej PalatRobert Thomas1225047%2:11
Penalty Kill 4 Players Defense
Line #DefenseDefensePHYDFOFWanted %Time %Time Play
1Justin FaulkChris Tanev1225055%2:31
2Rasmus SandinTimothy Liljegren1225045%2:06
Penalty Kill 3 Players
Line #WingPHYDFOFWanted %Time %Time PlayDefenseDefensePHYDFOFWanted %Time %Time Play
1Mitch Marner122500%0:00 Justin FaulkChris Tanev122500%0:00
2Sebastian Aho122500%0:00 Rasmus SandinTimothy Liljegren122500%0:00
4 vs 4 Forward
Line #CenterWingPHYDFOFWanted %Time %Time Play
1Mitch MarnerSebastian Aho122500%0:00
2Ondrej PalatRobert Thomas122500%0:00
4 vs 4 Defense
Line #DefensePHYDFOFWanted %Time %Time Play
1Justin FaulkChris Tanev122500%0:00
2Rasmus SandinTimothy Liljegren122500%0:00
Last Minutes Offensive
Left WingCenterRight WingDefenseDefense
Mitch MarnerSebastian AhoOndrej PalatJustin FaulkChris Tanev
Last Minutes Defensive
Left WingCenterRight WingDefenseDefense
Mitch MarnerSebastian AhoOndrej PalatJustin FaulkChris Tanev
Time
Total ForwardTotal DefenseLast Minutes OffensiveLast Minutes Defensive
60:00 60:00 0:060:00
Extra Forwards
Normal PowerPlayPenalty Kill
Cam Atkinson, Sean Kuraly, Elmer SoderblomCam Atkinson, Sean KuralyElmer Soderblom
Extra Defensemen
Normal PowerPlayPenalty Kill
Adam Boqvist, Troy Stecher, Rasmus SandinAdam Boqvist, Troy StecherRasmus Sandin
Penalty Shots
Mitch Marner, Sebastian Aho, Ondrej Palat, Robert Thomas, Adam Henrique
Goalie
Jake Oettinger, Matt Murray
Custom OT Lines Forwards
Mitch Marner, Sebastian Aho, Ondrej Palat, Robert Thomas, Adam Henrique, Seth Jarvis, Cam Atkinson, Sean Kuraly, Elmer Soderblom, Brendan Lemieux
Custom OT Lines Defensemen
Justin Faulk, Chris Tanev, Rasmus Sandin, Timothy Liljegren, Adam Boqvist
Scratches
Anders Bjork (Healthy), Robert Bortuzzo (Healthy)

Red Wings

5 vs 5 Forward
Line #Left WingCenterRight WingPHYDFOFWanted %Time %Time Play
1Logan CoutureBrayden PointDrake Batherson1223028%12:54
2Ilya MikheyevKevin HayesRyan Johansen1223029%13:40
3Daniel SprongNicolas RoyLuke Evangelista1223028%13:07
4Philip TomasinoSamuel HonzekJordan Greenway1221015%7:09
5 vs 5 Defense
Line #DefenseDefensePHYDFOFWanted %Time %Time Play
1Charlie McAvoyTorey Krug1223029%13:22
2Mario FerraroArtem Zub1223030%14:00
3Travis HamonicMatt Benning1223038%17:38
4Charlie McAvoyTorey Krug122104%1:50
Power Play Forward
Line #Left WingCenterRight WingPHYDFOFWanted %Time %Time Play
1Logan CoutureBrayden PointDrake Batherson1225051%2:20
2Ilya MikheyevKevin HayesRyan Johansen1225049%2:17
Power Play Defense
Line #DefenseDefensePHYDFOFWanted %Time %Time Play
1Charlie McAvoyTorey Krug1225053%2:28
2Mario FerraroArtem Zub1225047%2:09
Penalty Kill 4 Players Forward
Line #CenterWingPHYDFOFWanted %Time %Time Play
1Brayden PointLogan Couture1225048%3:50
2Drake BathersonKevin Hayes1225052%4:06
Penalty Kill 4 Players Defense
Line #DefenseDefensePHYDFOFWanted %Time %Time Play
1Charlie McAvoyTorey Krug1225042%3:18
2Mario FerraroArtem Zub1225058%4:38
Penalty Kill 3 Players
Line #WingPHYDFOFWanted %Time %Time PlayDefenseDefensePHYDFOFWanted %Time %Time Play
1Brayden Point122500%0:00 Charlie McAvoyTorey Krug122500%0:00
2Logan Couture122500%0:00 Mario FerraroArtem Zub122500%0:00
4 vs 4 Forward
Line #CenterWingPHYDFOFWanted %Time %Time Play
1Brayden PointLogan Couture122500%0:00
2Drake BathersonKevin Hayes122500%0:00
4 vs 4 Defense
Line #DefensePHYDFOFWanted %Time %Time Play
1Charlie McAvoyTorey Krug122500%0:00
2Mario FerraroArtem Zub122500%0:00
Last Minutes Offensive
Left WingCenterRight WingDefenseDefense
Logan CoutureBrayden PointDrake BathersonCharlie McAvoyTorey Krug
Last Minutes Defensive
Left WingCenterRight WingDefenseDefense
Logan CoutureBrayden PointDrake BathersonCharlie McAvoyTorey Krug
Time
Total ForwardTotal DefenseLast Minutes OffensiveLast Minutes Defensive
60:00 60:00 0:000:37
Extra Forwards
Normal PowerPlayPenalty Kill
Nicolas Roy, Daniel Sprong, Luke EvangelistaNicolas Roy, Daniel SprongLuke Evangelista
Extra Defensemen
Normal PowerPlayPenalty Kill
Travis Hamonic, Matt Benning, Mario FerraroTravis Hamonic, Matt BenningMario Ferraro
Penalty Shots
Brayden Point, Logan Couture, Drake Batherson, Kevin Hayes, Ryan Johansen
Goalie
John Gibson, Casey Desmith
Custom OT Lines Forwards
Brayden Point, Logan Couture, Drake Batherson, Kevin Hayes, Ryan Johansen, Nicolas Roy, Ilya Mikheyev, Daniel Sprong, Luke Evangelista, Samuel Honzek
Custom OT Lines Defensemen
Charlie McAvoy, Torey Krug, Mario Ferraro, Artem Zub, Travis Hamonic
Scratches
Jack Drury (Healthy), Jake Muzzin (Healthy), Arseni Sergeev (Healthy)


Play-by-Play

1st period


0:01 of 1st period - Sebastian Aho wins face-off versus Brayden Point in neutral zone.
0:12 of 1st period - Slapshot by Brayden Point.
0:12 of 1st period - Stopped by Jake Oettinger without a rebound.
0:13 of 1st period - Kevin Hayes wins face-off versus Robert Thomas in Hurricanes zone.
0:14 of 1st period - Wrist shot by Ryan Johansen.
0:14 of 1st period - Deflect By Kevin Hayes.
0:14 of 1st period - Shot Misses the Net.
0:14 of 1st period - Puck is out of play.
0:15 of 1st period - Seth Jarvis wins face-off versus Ryan Johansen in Hurricanes zone.
0:17 of 1st period - Minor Penalty to Timothy Liljegren for Hooking.
0:18 of 1st period - Mitch Marner wins face-off versus Brayden Point in Hurricanes zone.
0:18 of 1st period - Mitch Marner is hit by Logan Couture.
0:56 of 1st period - Snap shot by Ryan Johansen.
0:56 of 1st period - Goal by Ryan Johansen - Hurricanes : 0 - Red Wings : 1.
0:57 of 1st period - Nicolas Roy wins face-off versus Robert Thomas in neutral zone.
1:24 of 1st period - Mitch Marner is hit by Ryan Johansen and loses puck.
1:39 of 1st period - Ilya Mikheyev is hit by Sebastian Aho and loses puck.
1:52 of 1st period - Mitch Marner is hit by Mario Ferraro and loses puck.
2:09 of 1st period - Slapshot by Mitch Marner.
2:09 of 1st period - Shot Misses the Net.
2:11 of 1st period - Snap shot by Mitch Marner.
2:11 of 1st period - Stopped by John Gibson with a rebound.
2:13 of 1st period - Wrist shot by Ondrej Palat.
2:13 of 1st period - Shot Misses the Net.
2:15 of 1st period - Snap shot by Ondrej Palat.
2:15 of 1st period - Shot Misses the Net.
2:17 of 1st period - Slapshot by Rasmus Sandin.
2:17 of 1st period - Deflect By Mario Ferraro.
2:17 of 1st period - Stopped by John Gibson with a rebound.
2:19 of 1st period - Slapshot by Justin Faulk.
2:19 of 1st period - Stopped by John Gibson with a rebound.
2:21 of 1st period - Snap shot by Justin Faulk.
2:21 of 1st period - Stopped by John Gibson without a rebound.
2:22 of 1st period - Logan Couture wins face-off versus Cam Atkinson in Red Wings zone.
2:22 of 1st period - Logan Couture is hit by Sean Kuraly.
2:32 of 1st period - Charlie McAvoy beats up Chris Tanev.
2:32 of 1st period - Penalty to Charlie McAvoy for Fighting.
2:32 of 1st period - Penalty to Chris Tanev for Fighting.
2:33 of 1st period - Nicolas Roy wins face-off versus Robert Thomas in Red Wings zone.
2:33 of 1st period - Luke Evangelista is hit by Seth Jarvis and loses puck.
2:45 of 1st period - Off-side.
2:46 of 1st period - Brayden Point wins face-off versus Cam Atkinson in neutral zone.
2:49 of 1st period - Wrist shot by Brayden Point.
2:49 of 1st period - Shot Misses the Net.
3:00 of 1st period - Minor Penalty to Drake Batherson for Tripping.
3:01 of 1st period - Brayden Point wins face-off versus Sebastian Aho in Red Wings zone.
3:27 of 1st period - Seth Jarvis is hit by Brayden Point and loses puck.
5:00 of 1st period - Penalty to Drake Batherson is over, Drake Batherson is back on ice.
5:34 of 1st period - Sean Kuraly is hit by Nicolas Roy and loses puck.
6:15 of 1st period - Wrist shot by Brayden Point.
6:15 of 1st period - Goal by Brayden Point - Hurricanes : 0 - Red Wings : 2.
6:16 of 1st period - Robert Thomas wins face-off versus Kevin Hayes in neutral zone.
7:10 of 1st period - Slapshot by Jesper Boqvist.
7:10 of 1st period - Shot Misses the Net.
7:12 of 1st period - Wrist shot by Jesper Boqvist.
7:12 of 1st period - Shot Misses the Net.
7:14 of 1st period - Snap shot by Brendan Lemieux.
7:14 of 1st period - Shot Misses the Net.
7:33 of 1st period - Icing by Adam Boqvist.
7:34 of 1st period - Cam Atkinson wins face-off versus Samuel Honzek in Hurricanes zone.
7:46 of 1st period - Slapshot by Justin Faulk.
7:46 of 1st period - Shot Blocked by Charlie McAvoy.
7:48 of 1st period - Snap shot by Justin Faulk.
7:48 of 1st period - Shot Misses the Net.
7:50 of 1st period - Slapshot by Justin Faulk.
7:50 of 1st period - Stopped by John Gibson without a rebound.
7:51 of 1st period - Sebastian Aho wins face-off versus Kevin Hayes in Red Wings zone.
7:54 of 1st period - Snap shot by Ondrej Palat.
7:54 of 1st period - Stopped by John Gibson without a rebound.
7:55 of 1st period - Sebastian Aho wins face-off versus Ilya Mikheyev in Red Wings zone.
7:56 of 1st period - Slapshot by Mitch Marner.
7:56 of 1st period - Shot Blocked by Ryan Johansen.
7:58 of 1st period - Snap shot by Ondrej Palat.
7:58 of 1st period - Deflect By Mitch Marner.
7:58 of 1st period - Shot Misses the Net.
7:58 of 1st period - Puck is out of play.
7:59 of 1st period - Ryan Johansen wins face-off versus Mitch Marner in Red Wings zone.
8:10 of 1st period - Snap shot by Kevin Hayes.
8:10 of 1st period - Shot Misses the Net.
8:28 of 1st period - Slapshot by Adam Boqvist.
8:28 of 1st period - Stopped by John Gibson without a rebound.
8:29 of 1st period - Brayden Point wins face-off versus Cam Atkinson in Red Wings zone.
8:40 of 1st period - Snap shot by Brayden Point.
8:40 of 1st period - Stopped by Jake Oettinger with a rebound.
8:44 of 1st period - Slapshot by Brayden Point.
8:44 of 1st period - Shot Blocked by Rasmus Sandin.
8:46 of 1st period - Slapshot by Artem Zub.
8:46 of 1st period - Shot Misses the Net.
9:02 of 1st period - Snap shot by Adam Henrique.
9:02 of 1st period - Shot Blocked by Mario Ferraro.
9:36 of 1st period - Charlie McAvoy is hit by Peyton Krebs and loses puck.
10:07 of 1st period - Slapshot by Daniel Sprong.
10:07 of 1st period - Shot Misses the Net.
10:09 of 1st period - Snap shot by Luke Evangelista.
10:09 of 1st period - Shot Blocked by Robert Thomas.
10:11 of 1st period - Wrist shot by Nicolas Roy.
10:11 of 1st period - Shot Hit the Post.
10:46 of 1st period - Wrist shot by Drake Batherson.
10:46 of 1st period - Shot Misses the Net.
10:48 of 1st period - Snap shot by Logan Couture.
10:48 of 1st period - Shot Misses the Net.
10:50 of 1st period - Slapshot by Artem Zub.
10:50 of 1st period - Shot Blocked by Chris Tanev.
10:52 of 1st period - Wrist shot by Brayden Point.
10:52 of 1st period - Goal by Brayden Point - Hurricanes : 0 - Red Wings : 3.
10:53 of 1st period - Sebastian Aho wins face-off versus Brayden Point in neutral zone.
11:24 of 1st period - Slapshot by Justin Faulk.
11:24 of 1st period - Stopped by John Gibson with a rebound.
12:08 of 1st period - Wrist shot by Ryan Johansen.
12:08 of 1st period - Shot Misses the Net.
12:51 of 1st period - Logan Couture is hit by Timothy Liljegren and loses puck.
13:04 of 1st period - Chris Tanev is hit by Artem Zub.
13:08 of 1st period - Slapshot by Justin Faulk.
13:08 of 1st period - Shot Misses the Net.
13:14 of 1st period - Troy Stecher is hit by Luke Evangelista and loses puck.
13:35 of 1st period - Wrist shot by Mitch Marner.
13:35 of 1st period - Stopped by John Gibson without a rebound.
13:36 of 1st period - Brayden Point wins face-off versus Sebastian Aho in Red Wings zone.
13:44 of 1st period - Slapshot by Brayden Point.
13:44 of 1st period - Deflect By Drake Batherson.
13:44 of 1st period - Stopped by Jake Oettinger with a rebound.
13:46 of 1st period - Wrist shot by Drake Batherson.
13:46 of 1st period - Stopped by Jake Oettinger without a rebound.
13:47 of 1st period - Nicolas Roy wins face-off versus Sebastian Aho in Hurricanes zone.
13:48 of 1st period - Snap shot by Daniel Sprong.
13:48 of 1st period - Shot Blocked by Mitch Marner.
13:50 of 1st period - Slapshot by Mario Ferraro.
13:50 of 1st period - Deflect By Luke Evangelista.
13:50 of 1st period - Stopped by Jake Oettinger with a rebound.
13:52 of 1st period - Slapshot by Luke Evangelista.
13:52 of 1st period - Shot Blocked by Chris Tanev.
13:54 of 1st period - Slapshot by Artem Zub.
13:54 of 1st period - Deflect By Nicolas Roy.
13:54 of 1st period - Stopped by Jake Oettinger with a rebound.
13:56 of 1st period - Snap shot by Luke Evangelista.
13:56 of 1st period - Shot Misses the Net.
13:58 of 1st period - Wrist shot by Daniel Sprong.
13:58 of 1st period - Shot Blocked by Chris Tanev.
14:36 of 1st period - Off-side.
14:37 of 1st period - Sebastian Aho wins face-off versus Nicolas Roy in neutral zone.
14:40 of 1st period - Snap shot by Mitch Marner.
14:40 of 1st period - Shot Misses the Net.
14:42 of 1st period - Snap shot by Ondrej Palat.
14:42 of 1st period - Stopped by John Gibson with a rebound.
14:44 of 1st period - Snap shot by Ondrej Palat.
14:44 of 1st period - Deflect By Sebastian Aho.
14:44 of 1st period - Stopped by John Gibson with a rebound.
14:46 of 1st period - Slapshot by Adam Boqvist.
14:46 of 1st period - Shot Misses the Net.
14:48 of 1st period - Slapshot by Troy Stecher.
14:48 of 1st period - Deflect By Ondrej Palat.
14:48 of 1st period - Shot Misses the Net.
14:48 of 1st period - Puck is out of play.
14:49 of 1st period - Brayden Point wins face-off versus Sebastian Aho in Red Wings zone.
15:04 of 1st period - Snap shot by Brayden Point.
15:04 of 1st period - Stopped by Jake Oettinger with a rebound.
15:16 of 1st period - Daniel Sprong is hit by Robert Thomas.
15:35 of 1st period - Ilya Mikheyev is hit by Sean Kuraly.
15:41 of 1st period - Snap shot by Elmer Soderblom.
15:41 of 1st period - Shot Blocked by Travis Hamonic.
15:45 of 1st period - Wrist shot by Cam Atkinson.
15:45 of 1st period - Shot Blocked by Travis Hamonic.
15:47 of 1st period - Snap shot by Elmer Soderblom.
15:47 of 1st period - Stopped by John Gibson with a rebound.
16:59 of 1st period - Kevin Hayes is hit by Brendan Lemieux and loses puck.
17:16 of 1st period - Wrist shot by Ryan Johansen.
17:16 of 1st period - Stopped by Jake Oettinger with a rebound.
17:49 of 1st period - Adam Boqvist is hit by Brayden Point and loses puck.
18:09 of 1st period - Wrist shot by Seth Jarvis.
18:09 of 1st period - Goal by Seth Jarvis - Hurricanes : 1 - Red Wings : 3.
18:10 of 1st period - Sebastian Aho wins face-off versus Brayden Point in neutral zone.
18:13 of 1st period - Brayden Point is hit by Ondrej Palat and loses puck.
18:26 of 1st period - Justin Faulk is hit by Torey Krug and loses puck.
19:21 of 1st period - Snap shot by Mitch Marner.
19:21 of 1st period - Stopped by John Gibson with a rebound.
19:51 of 1st period - Snap shot by Seth Jarvis.
19:51 of 1st period - Shot Misses the Net.
Goals for this period are 1 for Hurricanes vs 3 for Red Wings.
Shots for this period are 14 for Hurricanes vs 11 for Red Wings.

2nd period


0:01 of 2nd period - Nicolas Roy wins face-off versus Sebastian Aho in neutral zone.
0:27 of 2nd period - Off-side.
0:28 of 2nd period - Kevin Hayes wins face-off versus Robert Thomas in neutral zone.
0:56 of 2nd period - Off-side.
0:57 of 2nd period - Sebastian Aho wins face-off versus Brayden Point in neutral zone.
1:15 of 2nd period - Mitch Marner is hit by Artem Zub and loses puck.
1:48 of 2nd period - Artem Zub is hit by Timothy Liljegren and loses puck.
2:17 of 2nd period - Snap shot by Brayden Point.
2:17 of 2nd period - Shot Misses the Net.
2:19 of 2nd period - Snap shot by Logan Couture.
2:19 of 2nd period - Stopped by Jake Oettinger with a rebound.
2:38 of 2nd period - Wrist shot by Sebastian Aho.
2:38 of 2nd period - Stopped by John Gibson without a rebound.
2:39 of 2nd period - Robert Thomas wins face-off versus Nicolas Roy in Red Wings zone.
2:45 of 2nd period - Matt Benning and Seth Jarvis fight to a draw.
2:45 of 2nd period - Penalty to Matt Benning for Fighting.
2:45 of 2nd period - Penalty to Seth Jarvis for Fighting.
2:45 of 2nd period - Penalty to Matt Benning for instigated a fight.
2:45 of 2nd period - Penalty to Matt Benning for instigated a fight.
2:46 of 2nd period - Robert Thomas wins face-off versus Luke Evangelista in Red Wings zone.
3:11 of 2nd period - Justin Faulk is hit by Kevin Hayes and loses puck.
3:22 of 2nd period - Mario Ferraro is hit by Justin Faulk and loses puck.
4:45 of 2nd period - Penalty to Matt Benning is over, Daniel Sprong is send on ice.
4:46 of 2nd period - Slapshot by Rasmus Sandin.
4:46 of 2nd period - Stopped by John Gibson with a rebound.
4:58 of 2nd period - Snap shot by Samuel Honzek.
4:58 of 2nd period - Shot Blocked by Rasmus Sandin.
5:26 of 2nd period - Peyton Krebs is hit by Jordan Greenway and loses puck.
5:31 of 2nd period - Slapshot by Charlie McAvoy.
5:31 of 2nd period - Shot Blocked by Timothy Liljegren.
5:54 of 2nd period - Snap shot by Kevin Hayes.
5:54 of 2nd period - Stopped by Jake Oettinger with a rebound.
6:00 of 2nd period - Torey Krug is hit by Adam Henrique and loses puck.
6:16 of 2nd period - Sebastian Aho is hit by Daniel Sprong and loses puck.
6:44 of 2nd period - Troy Stecher is hit by Nicolas Roy and loses puck.
7:32 of 2nd period - Jesper Boqvist is hit by Nicolas Roy and loses puck.
8:30 of 2nd period - Ondrej Palat is hit by Daniel Sprong and loses puck.
9:02 of 2nd period - Troy Stecher is hit by Ryan Johansen and loses puck.
9:31 of 2nd period - Jordan Greenway is hit by Robert Thomas and loses puck.
9:44 of 2nd period - Kevin Hayes is hit by Sebastian Aho and loses puck.
10:10 of 2nd period - Rasmus Sandin is hit by Daniel Sprong and loses puck.
10:21 of 2nd period - Artem Zub is hit by Sebastian Aho and loses puck.
10:34 of 2nd period - Justin Faulk is hit by Ryan Johansen and loses puck.
11:08 of 2nd period - Mario Ferraro is hit by Peyton Krebs and loses puck.
11:34 of 2nd period - Ondrej Palat is hit by Nicolas Roy and loses puck.
11:51 of 2nd period - Snap shot by Robert Thomas.
11:51 of 2nd period - Deflect By Ryan Johansen.
11:51 of 2nd period - Shot Misses the Net.
11:51 of 2nd period - Puck is out of play.
11:52 of 2nd period - Robert Thomas wins face-off versus Samuel Honzek in Red Wings zone.
11:58 of 2nd period - Minor Penalty to Artem Zub for Hooking.
11:59 of 2nd period - Brayden Point wins face-off versus Ondrej Palat in Red Wings zone.
12:26 of 2nd period - Snap shot by Seth Jarvis.
12:26 of 2nd period - Shot Blocked by Charlie McAvoy.
12:46 of 2nd period - Timothy Liljegren is hit by Brayden Point.
13:58 of 2nd period - Penalty to Artem Zub is over, Artem Zub is back on ice.
14:12 of 2nd period - Slapshot by Nicolas Roy.
14:12 of 2nd period - Stopped by Jake Oettinger with a rebound.
14:32 of 2nd period - Mario Ferraro is hit by Timothy Liljegren and loses puck.
15:54 of 2nd period - Jesper Boqvist is hit by Daniel Sprong and loses puck.
16:07 of 2nd period - Torey Krug is hit by Mitch Marner and loses puck.
16:20 of 2nd period - Seth Jarvis is hit by Artem Zub and loses puck.
16:41 of 2nd period - Daniel Sprong is hit by Elmer Soderblom and loses puck.
17:08 of 2nd period - Charlie McAvoy is hit by Justin Faulk and loses puck.
17:38 of 2nd period - Minor Penalty to Sebastian Aho for Tripping.
17:39 of 2nd period - Kevin Hayes wins face-off versus Mitch Marner in Hurricanes zone.
17:45 of 2nd period - 10 Minutes Misconduct Penalty to Matt Benning is over.
17:52 of 2nd period - Snap shot by Ilya Mikheyev.
17:52 of 2nd period - Shot Misses the Net.
17:54 of 2nd period - Backhand shot by Torey Krug.
17:54 of 2nd period - Stopped by Jake Oettinger without a rebound.
17:55 of 2nd period - Ondrej Palat wins face-off versus Brayden Point in Hurricanes zone.
18:22 of 2nd period - Artem Zub is hit by Ondrej Palat.
19:02 of 2nd period - Brayden Point is hit by Chris Tanev.
19:38 of 2nd period - Penalty to Sebastian Aho is over, Sebastian Aho is back on ice.
19:48 of 2nd period - Snap shot by Brendan Lemieux.
19:48 of 2nd period - Stopped by John Gibson without a rebound.
19:49 of 2nd period - Peyton Krebs wins face-off versus Nicolas Roy in Red Wings zone.
19:50 of 2nd period - Slapshot by Adam Boqvist.
19:50 of 2nd period - Deflect By Daniel Sprong.
19:50 of 2nd period - Stopped by John Gibson without a rebound.
19:51 of 2nd period - Nicolas Roy wins face-off versus Robert Thomas in Red Wings zone.
19:51 of 2nd period - Nicolas Roy is hit by Robert Thomas.
Goals for this period are 0 for Hurricanes vs 0 for Red Wings.
Shots for this period are 4 for Hurricanes vs 4 for Red Wings.

3rd period


0:01 of 3rd period - Sebastian Aho wins face-off versus Nicolas Roy in neutral zone.
0:06 of 3rd period - Slapshot by Luke Evangelista.
0:06 of 3rd period - Shot Blocked by Ondrej Palat.
0:13 of 3rd period - Wrist shot by Sebastian Aho.
0:13 of 3rd period - Shot Misses the Net.
0:25 of 3rd period - Charlie McAvoy is hit by Sean Kuraly.
1:15 of 3rd period - Drake Batherson is hit by Jesper Boqvist and loses puck.
1:40 of 3rd period - Philip Tomasino is hit by Mitch Marner and loses puck.
1:47 of 3rd period - Wrist shot by Sebastian Aho.
1:47 of 3rd period - Stopped by John Gibson with a rebound.
1:59 of 3rd period - Snap shot by Ilya Mikheyev.
1:59 of 3rd period - Stopped by Jake Oettinger with a rebound.
2:18 of 3rd period - Drake Batherson is hit by Sean Kuraly and loses puck.
2:23 of 3rd period - Slapshot by Cam Atkinson.
2:23 of 3rd period - Stopped by John Gibson without a rebound.
2:24 of 3rd period - Sebastian Aho wins face-off versus Nicolas Roy in Red Wings zone.
2:35 of 3rd period - Wrist shot by Mitch Marner.
2:35 of 3rd period - Shot Blocked by Torey Krug.
2:37 of 3rd period - Wrist shot by Sebastian Aho.
2:37 of 3rd period - Stopped by John Gibson with a rebound.
3:00 of 3rd period - Off-side.
3:01 of 3rd period - Nicolas Roy wins face-off versus Cam Atkinson in neutral zone.
3:01 of 3rd period - Matt Benning is hit by Timothy Liljegren and loses puck.
3:06 of 3rd period - Slapshot by Travis Hamonic.
3:06 of 3rd period - Shot Misses the Net.
3:08 of 3rd period - Wrist shot by Luke Evangelista.
3:08 of 3rd period - Stopped by Jake Oettinger without a rebound.
3:09 of 3rd period - Cam Atkinson wins face-off versus Nicolas Roy in Hurricanes zone.
3:14 of 3rd period - Snap shot by Timothy Liljegren.
3:14 of 3rd period - Stopped by John Gibson with a rebound.
3:20 of 3rd period - Slapshot by Matt Benning.
3:20 of 3rd period - Shot Misses the Net.
3:22 of 3rd period - Snap shot by Daniel Sprong.
3:22 of 3rd period - Shot Misses the Net.
3:24 of 3rd period - Wrist shot by Luke Evangelista.
3:24 of 3rd period - Stopped by Jake Oettinger without a rebound.
3:25 of 3rd period - Ryan Johansen wins face-off versus Sebastian Aho in Hurricanes zone.
3:36 of 3rd period - Snap shot by Ilya Mikheyev.
3:36 of 3rd period - Shot Misses the Net.
3:50 of 3rd period - Daniel Sprong is hit by Robert Thomas and loses puck.
4:00 of 3rd period - Off-side.
4:01 of 3rd period - Kevin Hayes wins face-off versus Robert Thomas in neutral zone.
4:01 of 3rd period - Artem Zub is hit by Rasmus Sandin and loses puck.
4:06 of 3rd period - Slapshot by Artem Zub.
4:06 of 3rd period - Shot Misses the Net.
4:10 of 3rd period - Wrist shot by Kevin Hayes.
4:10 of 3rd period - Stopped by Jake Oettinger with a rebound.
4:12 of 3rd period - Slapshot by Artem Zub.
4:12 of 3rd period - Stopped by Jake Oettinger without a rebound.
4:13 of 3rd period - Kevin Hayes wins face-off versus Sebastian Aho in Hurricanes zone.
4:39 of 3rd period - Chris Tanev is hit by Charlie McAvoy and loses puck.
5:20 of 3rd period - Jordan Greenway is hit by Chris Tanev and loses puck.
5:27 of 3rd period - Snap shot by Jesper Boqvist.
5:27 of 3rd period - Shot Blocked by Jordan Greenway.
5:29 of 3rd period - Slapshot by Justin Faulk.
5:29 of 3rd period - Deflect By Philip Tomasino.
5:29 of 3rd period - Stopped by John Gibson with a rebound.
5:31 of 3rd period - Snap shot by Brendan Lemieux.
5:31 of 3rd period - Stopped by John Gibson without a rebound.
5:32 of 3rd period - Sebastian Aho wins face-off versus Kevin Hayes in Red Wings zone.
5:33 of 3rd period - Slapshot by Mitch Marner.
5:33 of 3rd period - Stopped by John Gibson with a rebound.
5:35 of 3rd period - Snap shot by Sebastian Aho.
5:35 of 3rd period - Stopped by John Gibson with a rebound.
5:37 of 3rd period - Slapshot by Adam Boqvist.
5:37 of 3rd period - Shot Blocked by Ryan Johansen.
5:39 of 3rd period - Snap shot by Mitch Marner.
5:39 of 3rd period - Stopped by John Gibson without a rebound.
5:40 of 3rd period - Kevin Hayes wins face-off versus Sebastian Aho in Red Wings zone.
5:40 of 3rd period - Kevin Hayes is hit by Ondrej Palat.
5:43 of 3rd period - Charlie McAvoy is hit by Mitch Marner and loses puck.
6:19 of 3rd period - Snap shot by Kevin Hayes.
6:19 of 3rd period - Shot Misses the Net.
6:23 of 3rd period - Snap shot by Kevin Hayes.
6:23 of 3rd period - Shot Misses the Net.
6:25 of 3rd period - Snap shot by Ilya Mikheyev.
6:25 of 3rd period - Shot Blocked by Elmer Soderblom.
6:27 of 3rd period - Wrist shot by Ryan Johansen.
6:27 of 3rd period - Shot Misses the Net.
6:29 of 3rd period - Snap shot by Kevin Hayes.
6:29 of 3rd period - Stopped by Jake Oettinger with a rebound.
6:31 of 3rd period - Slapshot by Torey Krug.
6:31 of 3rd period - Shot Blocked by Adam Boqvist.
6:33 of 3rd period - Slapshot by Charlie McAvoy.
6:33 of 3rd period - Shot Misses the Net.
6:39 of 3rd period - Snap shot by Kevin Hayes.
6:39 of 3rd period - Shot Misses the Net.
6:41 of 3rd period - Snap shot by Ilya Mikheyev.
6:41 of 3rd period - Stopped by Jake Oettinger without a rebound.
6:42 of 3rd period - Sebastian Aho wins face-off versus Nicolas Roy in Hurricanes zone.
6:42 of 3rd period - Sebastian Aho is hit by Nicolas Roy.
7:31 of 3rd period - Wrist shot by Philip Tomasino.
7:31 of 3rd period - Stopped by Jake Oettinger without a rebound.
7:32 of 3rd period - Samuel Honzek wins face-off versus Peyton Krebs in Hurricanes zone.
7:57 of 3rd period - Ondrej Palat is hit by Charlie McAvoy and loses puck.
8:06 of 3rd period - Wrist shot by Luke Evangelista.
8:06 of 3rd period - Shot Misses the Net.
8:08 of 3rd period - Wrist shot by Luke Evangelista.
8:08 of 3rd period - Stopped by Jake Oettinger without a rebound.
8:09 of 3rd period - Brayden Point wins face-off versus Robert Thomas in Hurricanes zone.
8:18 of 3rd period - Snap shot by Brayden Point.
8:18 of 3rd period - Shot Blocked by Seth Jarvis.
8:20 of 3rd period - Wrist shot by Drake Batherson.
8:20 of 3rd period - Shot Misses the Net.
8:24 of 3rd period - Snap shot by Brayden Point.
8:24 of 3rd period - Goal by Brayden Point - Hurricanes : 1 - Red Wings : 4.
8:25 of 3rd period - Sebastian Aho wins face-off versus Luke Evangelista in neutral zone.
8:36 of 3rd period - Slapshot by Mitch Marner.
8:36 of 3rd period - Stopped by John Gibson without a rebound.
8:37 of 3rd period - Nicolas Roy wins face-off versus Sebastian Aho in Red Wings zone.
9:02 of 3rd period - Rasmus Sandin is hit by Torey Krug and loses puck.
9:09 of 3rd period - Slapshot by Timothy Liljegren.
9:09 of 3rd period - Stopped by John Gibson without a rebound.
9:10 of 3rd period - Sebastian Aho wins face-off versus Kevin Hayes in Red Wings zone.
9:17 of 3rd period - Slapshot by Sebastian Aho.
9:17 of 3rd period - Stopped by John Gibson with a rebound.
9:19 of 3rd period - Snap shot by Mitch Marner.
9:19 of 3rd period - Shot Blocked by Kevin Hayes.
9:23 of 3rd period - Snap shot by Mitch Marner.
9:23 of 3rd period - Stopped by John Gibson with a rebound.
9:25 of 3rd period - Wrist shot by Sebastian Aho.
9:25 of 3rd period - Stopped by John Gibson without a rebound.
9:26 of 3rd period - Robert Thomas wins face-off versus Nicolas Roy in Red Wings zone.
9:27 of 3rd period - Slapshot by Seth Jarvis.
9:27 of 3rd period - Goal by Seth Jarvis - Hurricanes : 2 - Red Wings : 4.
9:28 of 3rd period - Sebastian Aho wins face-off versus Brayden Point in neutral zone.
9:35 of 3rd period - Wrist shot by Mitch Marner.
9:35 of 3rd period - Stopped by John Gibson with a rebound.
10:25 of 3rd period - Minor Penalty to Artem Zub for Holding.
10:26 of 3rd period - Robert Thomas wins face-off versus Brayden Point in Red Wings zone.
11:38 of 3rd period - Kevin Hayes is hit by Justin Faulk and loses puck.
12:25 of 3rd period - Penalty to Artem Zub is over, Artem Zub is back on ice.
12:35 of 3rd period - Wrist shot by Brendan Lemieux.
12:35 of 3rd period - Shot Misses the Net.
12:37 of 3rd period - Wrist shot by Jesper Boqvist.
12:37 of 3rd period - Shot Misses the Net.
12:39 of 3rd period - Slapshot by Chris Tanev.
12:39 of 3rd period - Deflect By Peyton Krebs.
12:39 of 3rd period - Stopped by John Gibson without a rebound.
12:40 of 3rd period - Luke Evangelista wins face-off versus Cam Atkinson in Red Wings zone.
13:05 of 3rd period - Off-side.
13:06 of 3rd period - Peyton Krebs wins face-off versus Samuel Honzek in neutral zone.
13:10 of 3rd period - Slapshot by Rasmus Sandin.
13:10 of 3rd period - Shot Misses the Net.
13:12 of 3rd period - Snap shot by Peyton Krebs.
13:12 of 3rd period - Shot Blocked by Samuel Honzek.
13:14 of 3rd period - Wrist shot by Peyton Krebs.
13:14 of 3rd period - Stopped by John Gibson with a rebound.
13:16 of 3rd period - Snap shot by Peyton Krebs.
13:16 of 3rd period - Shot Misses the Net.
13:18 of 3rd period - Slapshot by Brendan Lemieux.
13:18 of 3rd period - Goal by Brendan Lemieux - Hurricanes : 3 - Red Wings : 4.
13:19 of 3rd period - Brayden Point wins face-off versus Sebastian Aho in neutral zone.
13:26 of 3rd period - Backhand shot by Brayden Point.
13:26 of 3rd period - Shot Misses the Net.
13:28 of 3rd period - Slapshot by Charlie McAvoy.
13:28 of 3rd period - Shot Misses the Net.
13:30 of 3rd period - Snap shot by Drake Batherson.
13:30 of 3rd period - Shot Misses the Net.
13:32 of 3rd period - Wrist shot by Logan Couture.
13:32 of 3rd period - Shot Blocked by Ondrej Palat.
13:36 of 3rd period - Slapshot by Brayden Point.
13:36 of 3rd period - Goal by Brayden Point - Hurricanes : 3 - Red Wings : 5.
13:37 of 3rd period - Kevin Hayes wins face-off versus Sebastian Aho in neutral zone.
13:37 of 3rd period - Kevin Hayes is hit by Chris Tanev.
13:53 of 3rd period - Slapshot by Chris Tanev.
13:53 of 3rd period - Goal by Chris Tanev - Hurricanes : 4 - Red Wings : 5.
13:54 of 3rd period - Ondrej Palat wins face-off versus Brayden Point in neutral zone.
13:54 of 3rd period - Ondrej Palat is hit by Drake Batherson.
13:57 of 3rd period - Timothy Liljegren is hit by Logan Couture and loses puck.
14:10 of 3rd period - Slapshot by Drake Batherson.
14:10 of 3rd period - Stopped by Jake Oettinger without a rebound.
14:11 of 3rd period - Robert Thomas wins face-off versus Kevin Hayes in Hurricanes zone.
14:11 of 3rd period - Robert Thomas is hit by Charlie McAvoy.
14:17 of 3rd period - Kevin Hayes is hit by Seth Jarvis and loses puck.
14:36 of 3rd period - Snap shot by Luke Evangelista.
14:36 of 3rd period - Shot Misses the Net.
14:59 of 3rd period - Justin Faulk is hit by Drake Batherson and loses puck.
15:20 of 3rd period - Kevin Hayes is hit by Justin Faulk and loses puck.
15:31 of 3rd period - Snap shot by Elmer Soderblom.
15:31 of 3rd period - Shot Misses the Net.
15:33 of 3rd period - Snap shot by Sean Kuraly.
15:33 of 3rd period - Shot Misses the Net.
15:40 of 3rd period - Icing by Ilya Mikheyev.
15:41 of 3rd period - Peyton Krebs wins face-off versus Kevin Hayes in Red Wings zone.
16:18 of 3rd period - Rasmus Sandin is hit by Luke Evangelista and loses puck.
16:40 of 3rd period - Icing by Seth Jarvis.
16:41 of 3rd period - Kevin Hayes wins face-off versus Robert Thomas in Hurricanes zone.
16:42 of 3rd period - Snap shot by Ryan Johansen.
16:42 of 3rd period - Stopped by Jake Oettinger without a rebound.
16:43 of 3rd period - Kevin Hayes wins face-off versus Cam Atkinson in Hurricanes zone.
16:48 of 3rd period - Wrist shot by Ryan Johansen.
16:48 of 3rd period - Shot Misses the Net.
16:50 of 3rd period - Snap shot by Ryan Johansen.
16:50 of 3rd period - Deflect By Cam Atkinson.
16:50 of 3rd period - Shot Misses the Net.
16:50 of 3rd period - Puck is out of play.
16:51 of 3rd period - Kevin Hayes wins face-off versus Cam Atkinson in Hurricanes zone.
17:04 of 3rd period - Snap shot by Kevin Hayes.
17:04 of 3rd period - Stopped by Jake Oettinger with a rebound.
17:06 of 3rd period - Wrist shot by Artem Zub.
17:06 of 3rd period - Stopped by Jake Oettinger with a rebound.
17:08 of 3rd period - Snap shot by Mario Ferraro.
17:08 of 3rd period - Stopped by Jake Oettinger without a rebound.
17:08 of 3rd period - Minor Penalty to Jake Oettinger for Slashing.
17:09 of 3rd period - Brayden Point wins face-off versus Ondrej Palat in Hurricanes zone.
17:12 of 3rd period - Slapshot by Brayden Point.
17:12 of 3rd period - Deflect By Robert Thomas.
17:12 of 3rd period - Stopped by Jake Oettinger with a rebound.
17:14 of 3rd period - Slapshot by Mario Ferraro.
17:14 of 3rd period - Deflect By Drake Batherson.
17:14 of 3rd period - Stopped by Jake Oettinger without a rebound.
17:15 of 3rd period - Brayden Point wins face-off versus Ondrej Palat in Hurricanes zone.
17:21 of 3rd period - Slapshot by Mario Ferraro.
17:21 of 3rd period - Shot Misses the Net.
17:23 of 3rd period - Slapshot by Artem Zub.
17:23 of 3rd period - Shot Misses the Net.
17:25 of 3rd period - Slapshot by Logan Couture.
17:25 of 3rd period - Stopped by Jake Oettinger without a rebound.
17:26 of 3rd period - Ondrej Palat wins face-off versus Kevin Hayes in Hurricanes zone.
19:08 of 3rd period - Penalty to Troy Stecher is over, Troy Stecher is back on ice.
19:26 of 3rd period - Slapshot by Logan Couture.
19:26 of 3rd period - Shot Misses the Net.
19:28 of 3rd period - Snap shot by Charlie McAvoy.
19:28 of 3rd period - Stopped by Jake Oettinger with a rebound.
19:30 of 3rd period - Snap shot by Torey Krug.
19:30 of 3rd period - Shot Blocked by Mitch Marner.
19:32 of 3rd period - Snap shot by Torey Krug.
19:32 of 3rd period - Shot Misses the Net.
19:34 of 3rd period - Backhand shot by Nicolas Roy.
19:34 of 3rd period - Stopped by Jake Oettinger with a rebound.
19:36 of 3rd period - Wrist shot by Charlie McAvoy.
19:36 of 3rd period - Stopped by Jake Oettinger with a rebound.
19:38 of 3rd period - Wrist shot by Torey Krug.
19:38 of 3rd period - Shot Misses the Net.
19:40 of 3rd period - Snap shot by Charlie McAvoy.
19:40 of 3rd period - Stopped by Jake Oettinger without a rebound.
19:41 of 3rd period - call a timeout for Hurricanes.
19:41 of 3rd period - Nicolas Roy wins face-off versus Sebastian Aho in Hurricanes zone.
19:46 of 3rd period - Snap shot by Logan Couture.
19:46 of 3rd period - Goal by Logan Couture - Hurricanes : 4 - Red Wings : 6.
19:47 of 3rd period - Cam Atkinson wins face-off versus Nicolas Roy in neutral zone.
19:50 of 3rd period - Slapshot by Chris Tanev.
19:50 of 3rd period - Stopped by John Gibson with a rebound.
Goals for this period are 3 for Hurricanes vs 3 for Red Wings.
Shots for this period are 21 for Hurricanes vs 24 for Red Wings.